 Dungeon Crawl Stone Soup version 0.19-a0-1899-g2d93087 (webtiles) character file.

179 dobroeutro the Bolt Thrower (level 5, -6/32 HPs)
             Began as a Kobold Hunter on Oct 19, 2016.
             Killed from afar by an orc wizard (10 damage)
             ... with a magic dart
             ... on level 3 of the Dungeon.
             The game lasted 00:06:55 (3448 turns).

dobroeutro the Bolt Thrower (Kobold Hunter)         Turns: 3448, Time: 00:06:56

Health: -6/32      AC:  7    Str: 10    XL:     5   Next: 90%
Magic:  14/14      EV: 16    Int: 12    God:
Gold:   153        SH:  0    Dex: 19    Spells: 0 memorised, 4 levels left

rFire  . . .     SeeInvis .     b - +0 short sword
rCold  + . .     Gourm    .     c - +0 leather armour
rNeg   . . .     Faith    .     (shield restricted)
rPois  .         Spirit   .     (no helmet)
rElec  .         Reflect  .     n - +2 cloak
rCorr  .         Harm     .     s - +0 pair of gloves {Dex+3}
MR     .....                    (no boots)
Stlth  ++........               (no amulet)
                                v - ring of protection from cold
                                l - ring of magical power

@: no status effects
A: carnivore 3
a: no special abilities


You were on level 3 of the Dungeon.
You were full.

You visited 1 branch of the dungeon, and saw 3 of its levels.

You collected 153 gold pieces.

Inventory:

Hand Weapons
 a - a +1 hand crossbow
 b - a +0 short sword (weapon)
 o - a +0 blowgun
Missiles
 d - 20 bolts
Armour
 c - a +0 leather armour (worn)
 n - a +2 cloak (worn)
 s - a +0 pair of gloves of dexterity (worn)
Jewellery
 l - a ring of magical power (left hand)
 v - a ring of protection from cold (right hand)
Scrolls
 e - 4 scrolls of remove curse {unknown}
 h - a scroll of blinking {unknown}
 i - 2 scrolls of immolation {unknown}
 j - 6 scrolls of identify {unknown}
 p - 2 scrolls of enchant weapon {unknown}
 q - 2 scrolls of random uselessness {unknown}
 u - a scroll of enchant armour {unknown}
 w - a scroll of amnesia {unknown}
Potions
 g - 2 potions of curing
 k - 2 potions of agility {unknown}
 m - 2 potions of flight {unknown}
 r - a potion of lignification {unknown}
 t - a potion of cancellation {unknown}
 x - a potion of berserk rage {unknown}
 z - 2 potions of haste {unknown}
Comestibles
 f - 3 meat rations
 A - 4 chunks of flesh


   Skills:
 + Level 3.4 Fighting
 * Level 3.9 Short Blades
 + Level 5.7 Crossbows
 + Level 3.6 Dodging
 - Level 1.3 Stealth


You had 4 spell levels left.
You didn't know any spells.

Dungeon Overview and Level Annotations

Branches:
Dungeon (3/15)

Altars:

Annotations:
D:3 anet's ghost, amateur HEWz


Innate Abilities, Weirdness & Mutations

You are small and have problems with some larger weapons.
You are carnivorous and can eat meat at any time.


Message History

The orc wizard is almost dead.
* * * LOW HITPOINT WARNING * * *
You feel sick.
The orc wizard hits you but does no damage.
You are more poisoned.
You hit the orc wizard but do no damage.
The orc wizard is almost dead.
* * * LOW HITPOINT WARNING * * *
You feel sick.
The orc wizard gestures wildly while chanting.
It was a potion of curing.
You feel better.
The orc wizard gestures at you while chanting.
The magic dart hits you!
* * * LOW HITPOINT WARNING * * *
The orc wizard gestures wildly while chanting.
You hit the orc wizard.
The orc wizard is almost dead.
The orc wizard casts a spell at you. The magic dart hits you!
You die...

#..## ##.)#######.......
##..#####).### ###)####
##.....)#...# #).# #
##........##..# ##.###
#..........##.# #....
#.........<# .# ###..
#.......)..# . ##..
#..>.......# .#####...
#......@...####.#.....#.
##.....o........(.......
##........#############.
#..........# #.
#..........# #.
#..........# #.
#....).....# #####.
#......>...# #.....
##........## #.....


You could see an orc wizard.

Vanquished Creatures
  Ijyb (D:2)
  5 adders
  2 worms
  4 dart slugs
  2 leopard geckos (D:3)
  13 orcs
  3 giant cockroaches
  8 goblins
  10 hobgoblins
  4 jackals (D:2)
  2 quokkas
  5 bats
  3 frilled lizards
  10 kobolds
  8 rats
80 creatures vanquished.

Notes
Turn   | Place    | Note
-------+----------+-------------------------------------------
     0 | D:1      | dobroeutro the Kobold Hunter began the quest for the Orb.
     0 | D:1      | Reached XP level 1. HP: 12/12 MP: 1/1
    88 | D:1      | Reached skill level 1 in Short Blades
   167 | D:1      | Reached skill level 5 in Crossbows
   203 | D:1      | Reached XP level 2. HP: 13/18 MP: 2/2
   785 | D:1      | Reached XP level 3. HP: 13/22 MP: 3/3
  1332 | D:2      | Noticed Ijyb
  1359 | D:2      | Killed Ijyb
  1359 | D:2      | Reached XP level 4. HP: 22/27 MP: 4/4
  1678 | D:2      | Reached XP level 5. HP: 31/32 MP: 5/5
  1989 | D:3      | Noticed anet's ghost (amateur HEWz)
  3448 | D:3      | Killed from afar by an orc wizard

Vault maps used:
D:1:      evilmike_arrival_rings
D:2:      first_bread, kennysheep_pointless_box, uniq_iyjb

Skill      XL: |  1  2  3  4  5 |
---------------+----------------+-----
Short Blades   | 1 2 3 |  3.9
Crossbows      | 5 |  5.7
Fighting       | 3 |  3.4
Dodging        | 3 |  3.6
Stealth        | |  1.3

Action                   |  1- 3 |  4- 6 || total
-------------------------+-------+-------++-------
Melee: Short sword       |   190 |   285 ||   475
 Fire: Hand crossbow     |     4 |     1 ||     5
  Use: Potion            |       |     1 ||     1
 Stab: Sleeping          |       |     4 ||     4
       Distracted        |       |     2 ||     2
  Eat: Chunk             |     2 |    12 ||    14
Armor: Leather armour    |    42 |    64 ||   106
Dodge: Dodged            |   146 |   239 ||   385
